 Dungeon Crawl Stone Soup version 0.28-b1-70-g80dc712255 (webtiles) character file.

Game seed: 9262894772037232971

3018 iguanaiguana the Blocker (level 9, 0/79 HPs)
             Began as a Minotaur Fighter on Feb 3, 2022.
             Was a Believer of Okawaru.
             Succumbed to a killer bee's poison
             ... on level 7 of the Dungeon on Feb 4, 2022.
             The game lasted 00:07:13 (6729 turns).

iguanaiguana the Blocker (Minotaur Fighter)         Turns: 6729, Time: 00:07:14

Health: 0/79       AC: 16    Str: 25    XL:     9   Next: 55%
Magic:  7/12       EV:  8    Int:  7    God:    Okawaru [**....]
Gold:   277        SH: 21    Dex: 10    Spells: 8/8 levels left

rFire   + . .      SeeInvis .   a - +0 war axe
rCold   + . .      Faith    .   r - +2 tower shield
rNeg    . . .      Spirit   .   C - +0 chain mail
rPois   +          Reflect  .   (helmet restricted)
rElec   +          Harm     .   D - +0 cloak
rCorr   +          Rampage  .   (no gloves)
Will    .....                   B - +1 pair of boots
Stlth   ..........              (no amulet)
HPRegen 0.23/turn               (no ring)
MPRegen 0.13/turn               (no ring)

@: mighty, lethally poisoned (0 -> -1), resistant, heroic
A: horns 2, retaliatory headbutt, clever 1, noise suppression
a: Renounce Religion, Heroism


You were on level 7 of the Dungeon.
You worshipped Okawaru.
Okawaru was pleased with you.
You visited 2 branches of the dungeon, and saw 8 of its levels.
You also visited: Sewer.

You collected 303 gold pieces.
You spent 26 gold pieces at shops.

Inventory:

Hand Weapons
 a - a +0 war axe (weapon)
Missiles
 v - 9 poisoned darts (quivered)
Armour
 r - a +2 tower shield (worn)
 B - a +1 pair of boots (worn)
 C - a +0 chain mail (worn)
 D - a +0 cloak (worn)
Jewellery
 i - a ring of flight
 A - a +4 ring of evasion
Wands
 x - a wand of mindburst (16)
 y - a wand of digging (6) {@v3}
Scrolls
 b - 3 scrolls of identify {@r1}
 c - a scroll of blinking {unknown}
 e - a scroll of vulnerability
 k - a scroll of fog {unknown}
 m - 4 scrolls of immolation {unknown}
 o - a scroll of brand weapon {unknown}
 q - 2 scrolls of enchant armour {unknown}
 t - a scroll of enchant weapon {unknown}
 u - 3 scrolls of teleportation {@r3}
 z - a scroll of noise {unknown}
Potions
 g - a potion of flight {unknown}
 h - a potion of experience
 l - a potion of cancellation {unknown}
 n - a potion of resistance {@q5}
 p - a potion of mutation
 s - 2 potions of heal wounds {unknown}
 w - a potion of degeneration {unknown}


   Skills:
 + Level 7.2(12.2) Fighting
 * Level 9.3(14.3) Axes
 + Level 7.3(12.3) Armour
 * Level 12.4(17.4) Shields
 * Level 6.1 Invocations


You had 8 spell levels left.
You didn't know any spells.
Your spell library was empty.

Dungeon Overview and Level Annotations

Branches:
Dungeon (7/15)             Temple (1/1) D:4           Sewer (visited)

Altars:
Ashenzari
Cheibriados
Dithmenos
Elyvilon
Fedhas
Gozag
Hepliaklqana
Kikubaaqudgha
Makhleb
Nemelex Xobeh
Okawaru
Qazlal
Ru
Sif Muna
Trog
Uskayaw
Vehumet
Wu Jian
Xom
Yredelemnul
Zin
The Shining One

Shops:
D:2 ?   D:4 *


Innate Abilities, Weirdness & Mutations

You have a pair of horns on your head.
You reflexively headbutt those who attack you in melee.
Your mind is acute. (Int +2)
You passively dampen the noise of your surroundings.


Message History

You feel better. The killer bee stings you.
You are poisoned.
The killer bee poisons you! You block the killer bee's attack.
You closely miss the killer bee.
You headbutt the killer bee, but do no damage.
The killer bee is moderately wounded.
You feel very sick.
The killer bee stings you but does no damage.
You block the killer bee's attack. The killer bee stings you.
You are too injured to fight recklessly!
You are too injured to fight recklessly!
You are too injured to fight recklessly!
You are too injured to fight recklessly!
You are too injured to fight recklessly!
You feel very mighty all of a sudden.
You feel sick.
The killer bee stings you but does no damage.
You block the killer bee's attack.
You are too injured to fight recklessly!
You are too injured to fight recklessly!
You are too injured to fight recklessly!
You are too injured to fight recklessly!
You are too injured to fight recklessly!
You are too injured to fight recklessly!
You are too injured to fight recklessly!
You are too injured to fight recklessly!
You are too injured to fight recklessly!
Unknown command.
You gain the combat prowess of a mighty hero.
You feel sick. The killer bee stings you.
You are more poisoned.
The killer bee poisons you! You block the killer bee's attack.
You miss the killer bee. You headbutt the killer bee!
You kill the killer bee!
Okawaru accepts your kill.
You feel very sick.
The killer bee stings you but does no damage.
You slash the killer bee!
The killer bee is severely wounded.
You feel sick. You block the killer bee's attack. x2
The killer bee stings you but does no damage.
You slice the killer bee!!
You kill the killer bee!
Okawaru accepts your kill.
You feel sick. You block the killer bee's attack.
Your base Axes skill increases to level 6!
Your Invocations skill increases to level 2!
You closely miss the killer bee.
You feel sick. You block the killer bee's attack. x2
You miss the killer bee.
You feel sick. You block the killer bee's attack. The killer bee stings you.
* * * LOW HITPOINT WARNING * * *
You block the killer bee's attack.
You closely miss the killer bee.
You feel sick. You block the killer bee's attack.
The killer bee stings you but does no damage.
You slash the killer bee!
The killer bee is heavily wounded.
You feel sick.
The killer bee stings you but does no damage.
The killer bee stings you.
* * * LOW HITPOINT WARNING * * *
You are lethally poisoned!
The killer bee poisons you!
You closely miss the killer bee.
The killer bee is heavily wounded.
* * * LOW HITPOINT WARNING * * *
You feel sick.
The killer bee stings you but does no damage.
You block the killer bee's attack.
You barely miss the killer bee.
The killer bee is heavily wounded.
* * * LOW HITPOINT WARNING * * *
You feel sick. You block the killer bee's attack. x2
The killer bee closely misses you.
You closely miss the killer bee.
The killer bee is heavily wounded.
* * * LOW HITPOINT WARNING * * *
You feel sick. You block the killer bee's attack. x2
It was a potion of experience.
You feel more experienced!
Your base Fighting skill gained 2 levels and is now at level 7!
Your base Axes skill gained 3 levels and is now at level 9!
Your base Armour skill gained 2 levels and is now at level 7!
Your base Shields skill gained 2 levels and is now at level 12!
Your Invocations skill gained 4 levels and is now at level 6!
You have reached level 9!
Your experience leads to an increase in your attributes!
Increase (s)trength, (i)ntelligence, or (d)exterity?
You feel stronger. x2
* * * LOW HITPOINT WARNING * * *
You feel sick. You block the killer bee's attack. x2
It was a potion of resistance.
You feel protected.
* * * LOW HITPOINT WARNING * * *
You feel sick. You block the killer bee's attack. x2
It was a potion of mutation.
You feel extremely strange.
You feel clever.
You feel your surroundings grow quieter.
You die...

.# .>..y. .# ..=.. ..
.y.y ######.. ..y
##....... ##..
####....#.#. #..
#...#.....#
#.##.########.........##
#....yy@........#.#.....
#.######......###.......
....................>#.
#######......####......
#......####..###.
#............# #.
#######.###..# ##
#.###..# #......#


You could see 2 killer bees.

Vanquished Creatures
  2 water moccasins
  A black bear (D:5)
  An ogre (D:5)
  A centaur (D:6)
  A phantom (D:7)
  4 scorpions
  A water moccasin zombie (D:5)
  4 killer bees (D:7)
  A hound (D:5)
  An orc priest (D:3)
  Crazy Yiuf (D:6)
  5 iguanas
  An orc wizard (D:5)
  2 hound skeletons
  4 adders
  8 gnolls
  A white imp (D:5)
  An ufetubus (D:4)
  An adder skeleton (D:4)
  An adder zombie (D:3)
  5 worms
  3 dart slugs
  8 orcs
  5 endoplasms
  4 giant cockroaches
  7 goblins
  4 hobgoblins
  7 jackals
  7 kobolds
  3 quokkas
  6 ball pythons
  7 bats
  8 frilled lizards
  A jackal skeleton (D:4)
  6 rats
  A rat zombie (D:4)
124 creatures vanquished.

Notes
Turn   | Place    | Note
-------+----------+-------------------------------------------
     0 | D:1      | iguanaiguana the Minotaur Fighter began the quest for the
                  | Orb.
     0 | D:1      | Reached XP level 1. HP: 19/19 MP: 0/0
     1 | D:1      | Noticed an electric eel
   189 | D:1      | Reached XP level 2. HP: 26/27 MP: 1/1
   836 | D:1      | Reached skill level 4 in Shields
  1075 | D:2      | Reached XP level 3. HP: 33/33 MP: 2/2
  1171 | D:2      | Found Uneuth's Magic Scroll Shop.
  1185 | D:2      | Bought a scroll of identify for 26 gold pieces
  1938 | D:3      | Found a glowing drain.
  1956 | Sewer    | Entered a sewer
  2003 | Sewer    | Reached XP level 4. HP: 38/40 MP: 3/3
  2058 | Sewer    | Noticed a water moccasin
  2064 | Sewer    | Killed a water moccasin
  2065 | Sewer    | Reached XP level 5. HP: 35/47 MP: 4/4
  2595 | D:3      | Found a radiant altar of Vehumet.
  2628 | D:3      | Found a faded altar of an unknown god.
  2858 | D:4      | Reached skill level 5 in Axes
  2910 | D:4      | Reached skill level 5 in Armour
  2910 | D:4      | Reached XP level 6. HP: 46/55 MP: 5/5
  2985 | D:4      | Found Heshetips's Overcharged Wands.
  3041 | D:4      | Reached skill level 5 in Shields
  3055 | D:4      | Found a staircase to the Ecumenical Temple.
  3125 | Temple   | Entered the Ecumenical Temple
  3519 | Temple   | Became a worshipper of Warmaster Okawaru
  4185 | D:5      | Entered Level 5 of the Dungeon
  4267 | D:5      | Reached skill level 6 in Shields
  4403 | D:5      | Reached XP level 7. HP: 19/60 MP: 6/6
  4749 | D:5      | Reached skill level 7 in Shields
  4753 | D:5      | Reached * piety under Okawaru
  4772 | D:5      | Reached skill level 8 in Shields
  5328 | D:5      | Reached skill level 9 in Shields
  5823 | D:6      | Reached XP level 8. HP: 56/67 MP: 7/7
  5898 | D:6      | Reached ** piety under Okawaru
  5899 | D:6      | Reached skill level 10 in Shields
  6212 | D:6      | Reached skill level 5 in Fighting
  6436 | D:6      | Found a runed translucent door.
  6437 | D:6      | Noticed Crazy Yiuf
  6533 | D:6      | Killed Crazy Yiuf
  6534 | D:6      | Reached skill level 1 in Invocations
  6726 | D:7      | HP: 2/68 [poisoned by a killer bee]
  6727 | D:7      | Reached skill level 12 in Shields
  6727 | D:7      | Reached XP level 9. HP: 3/79 MP: 7/12
  6729 | D:7      | Gained mutation: Your mind is acute. (Int +2) [potion of
                  | mutation]
  6729 | D:7      | Gained mutation: You passively dampen the noise of your
                  | surroundings. [potion of mutation]
  6729 | D:7      | Succumbed to a killer bee's poison

Illustrated notes

Levels and vault maps discovered:
D:1:      arrival_aquarium_a, layout_basic
D:2:      layout_basic, serial_shops, nicolae_shop_stone, solitary_fountain,
          hangedman_feature_mirror
D:3:      layout_rooms, nicolae_vehumet_radiance,
          nicolae_ecumenical_lake_church, cheibrodos_sewer_entry_bend,
          minmay_cupped
D:4:      layout_gridville, minmay_temple_entry_offerings, enter_ossuary_3,
          nicolae_shop_overcharged_wands
D:5:      layout_basic, nicolae_sextant, kennysheep_generic_room_14
D:6:      layout_gridville, uniq_crazy_yiuf_cottage
D:7:      layout_basic
Temple:   mainiacjoe_temple_trianglar_array

Skill      XL: |  1  2  3  4  5  6  7  8 |
---------------+-------------------------+-----
Axes           | 3 4 5 9 |  9.3
Fighting       | 4 7 |  7.2
Shields        | 4 6 9 12 | 12.4
Armour         | 4 5 7 |  7.3
Invocations    | 6 |  6.1

Action                   |  1- 3 |  4- 6 |  7- 9 || total
-------------------------+-------+-------+-------++-------
Melee: War axe           |   111 |   107 |   126 ||   344
       Headbutt          |    17 |    23 |    22 ||    62
Throw: Dart              |       |       |     2 ||     2
Invok: Heroism           |       |       |     1 ||     1
  Use: Scroll            |     3 |       |       ||     3
       Potion            |       |     4 |     5 ||     9
Armor: Scale mail        |    52 |    53 |    24 ||   129
       Chain mail        |       |       |    36 ||    36
Dodge: Dodged            |    54 |    38 |    23 ||   115
Block: Buckler           |    28 |     9 |       ||    37
       Tower shield      |       |    61 |   134 ||   195
